 Dungeon Crawl Stone Soup version 0.26-a0-597-gb535b0901c (webtiles) character file.

Game seed: 8939991255544856861

30 hickop the Sneak (level 3, -1/23 HPs)
             Began as a Kobold Delver on Sept 3, 2020.
             Slain by a worker ant (3 damage)
             ... on level 5 of the Dungeon.
             The game lasted 00:01:25 (118 turns).

hickop the Sneak (Kobold Delver)                     Turns: 118, Time: 00:01:26

Health: -1/23      AC:  3    Str: 10    XL:     3   Next: 35%
Magic:  3/3        EV: 15    Int: 11    God:
Gold:   16         SH:  0    Dex: 16    Spells: 2/2 levels left

rFire    . . .     SeeInvis .   a - +0 short sword
rCold    . . .     Faith    .   (shield restricted)
rNeg     . . .     Spirit   .   b - +0 leather armour
rPois    .         Reflect  .   (no helmet)
rElec    .         Harm     .   (no cloak)
rCorr    .                      (no gloves)
MR       .....                  (no boots)
Stlth    +++++.....             (no amulet)
HPRegen  0.07/turn              (no ring)
MPRegen  0.08/turn              (no ring)

@: lethally poisoned (-1 -> -9)
A: small, nightstalker 3
a: no special abilities


You were on level 5 of the Dungeon.
You visited 1 branch of the dungeon, and saw 1 of its levels.

You collected 16 gold pieces.

Inventory:

Hand Weapons
 a - a +0 short sword (weapon)
Armour
 b - a +0 leather armour (worn)
Wands
 g - a wand of digging (3)
Scrolls
 c - a scroll of fog
 d - a scroll of magic mapping
 e - a scroll of fear
 h - a scroll of immolation {unknown}
 j - a scroll of identify {unknown}
Potions
 f - a potion of haste
 i - a potion of degeneration {unknown}
 k - a potion of curing {unknown}


   Skills:
 + Level 3.5 Fighting
 + Level 2.9 Short Blades
 + Level 2.5 Dodging
 + Level 7.6 Stealth


You had 2 spell levels left.
You didn't know any spells.
Your spell library was empty.

Dungeon Overview and Level Annotations

Branches:
Dungeon (5/15)
 Temple: D:4-7

Altars:


Innate Abilities, Weirdness & Mutations

You are small and have problems with some larger weapons.
You are completely attuned to the shadows.


Message History

You feel sick.
You hit the worker ant.
The worker ant is moderately wounded.
The worker ant bites you.
You are more poisoned.
The worker ant poisons you!
You hit the worker ant.
The worker ant is heavily wounded.
You feel sick. The worker ant bites you.
* * * LOW HITPOINT WARNING * * *
The worker ant bites you.
* * * LOW HITPOINT WARNING * * *
You barely miss the worker ant.
The worker ant is heavily wounded.
* * * LOW HITPOINT WARNING * * *
You feel sick. The worker ant misses you.
You hit the worker ant.
The worker ant is severely wounded.
The worker ant bites you.
You die...

#.. ########## #.#
######....†...#### #.#
###.................
###.####.#.###########.###
..........#.###### #.#
####.####.#......# #.#
#........####.# #)#
####...#a.# #.# #.#
#...##@# #.######.#
#...##.###.#...##.#
....##............#
#####.#.#.#### #........#
##..#..... #..###.##
#####....... #.....####.


You could see a worker ant.

Vanquished Creatures
  An iguana (D:5)
  A dart slug (D:5)
2 creatures vanquished.

Notes
Turn   | Place    | Note
-------+----------+-------------------------------------------
     0 | D:5      | hickop the Kobold Delver began the quest for the Orb.
     0 | D:5      | Reached XP level 1. HP: 14/14 MP: 1/1
    65 | D:5      | Noticed an iguana
    68 | D:5      | Killed an iguana
    68 | D:5      | Reached skill level 7 in Stealth
    68 | D:5      | Reached XP level 2. HP: 19/19 MP: 2/2
    68 | D:5      | Reached XP level 3. HP: 23/23 MP: 3/3
   118 | D:5      | Slain by a worker ant

Illustrated notes

Levels and vault maps discovered:
D:5:      gammafunk_cloud_chamber, layout_basic

Skill      XL: |  1 |
---------------+----+-----
Stealth        | 7 |  7.6
Fighting       | |  3.5
Short Blades   | |  2.9
Dodging        | |  2.5

Action                   || total
-------------------------++-------
Melee: Short sword       ||     7
 Stab: Sleeping          ||     2
Dodge: Dodged            ||     3

Table legend: (Time is in decaauts)
 A = Elapsed time spent in this place.
 B = Non-inter-level travel time spent in this place.
 C = Inter-level travel time spent in this place.
 D = Time resting spent in this place.
 E = Time spent auto-exploring this place.
 F = Levels seen in this place.
 G = Mean time per level.
                   A        B        C        D        E       F      G
               +--------+--------+--------+--------+--------+-----+--------+
         Total |    117 |    117 |      0 |      0 |     90 |   1 |  117.0 |
       Dungeon |    117 |    117 |      0 |      0 |     90 |   1 |  117.0 |
               +--------+--------+--------+--------+--------+-----+--------+

Top non-repeatable levels by time:
     D:5: 117 daAuts
